 Dungeon Crawl Stone Soup version 0.29-a0-344-ge2f44be95a (webtiles) character file.

Game seed: 8774026018772142000

98 Iusername the Covered (level 4, -2/40 HPs)
             Began as a Minotaur Fighter on Apr 21, 2022.
             Killed from afar by a white imp (8 damage)
             ... with a puff of frost
             ... on level 3 of the Dungeon.
             The game lasted 00:04:10 (1692 turns).

Iusername the Covered (Minotaur Fighter)            Turns: 1692, Time: 00:04:11

Health: -2/40      AC:  4    Str: 23    XL:     4   Next: 43%
Magic:  3/3        EV:  9    Int:  5    God:
Gold:   82         SH:  4    Dex:  9    Spells: 3/3 levels left

rFire   . . .      SeeInvis .   g - +2 short sword (flame)
rCold   . . .      Faith    .   c - +0 buckler
rNeg    . . .      Spirit   .   b - +0 scale mail
rPois   +          Reflect  .   (helmet restricted)
rElec   .          Harm     .   (no cloak)
rCorr   .          Rampage  .   (no gloves)
Will    .....                   (no boots)
Stlth   ..........              (no amulet)
HPRegen 0.13/turn               h - ring of poison resistance
MPRegen 0.08/turn               (no ring)

@: mighty
A: horns 2, retaliatory headbutt, beak, deformed body
a: no special abilities


You were on level 3 of the Dungeon.
You visited 1 branch of the dungeon, and saw 3 of its levels.

You collected 82 gold pieces.

Inventory:

Hand Weapons
 a - a +0 long sword
 g - a +2 short sword of flaming (weapon)
Missiles
 i - 3 silver javelins (quivered)
 r - a throwing net
Armour
 b - a +0 scale mail (worn)
 c - a +0 buckler (worn)
Jewellery
 h - a ring of poison resistance (left hand)
Wands
 j - a wand of paralysis (9)
Scrolls
 e - a scroll of identify {unknown}
 l - a scroll of teleportation {unknown}
 o - a scroll of magic mapping {unknown}
Potions
 k - a potion of degeneration {unknown}
 m - a potion of mutation
 p - a potion of heal wounds {unknown}
 q - a potion of lignification {unknown}
 s - a potion of attraction {unknown}


   Skills:
 + Level 4.0 Fighting
 + Level 2.6 Long Blades
 + Level 2.2 Throwing
 + Level 4.6 Armour
 + Level 0.3 Dodging
 + Level 4.1 Shields


You had 3 spell levels left.
You didn't know any spells.
Your spell library contained the following spells:

 Spells                   Type           Power      Damage    Failure   Level
 Blink                    Tloc           0%         N/A       95%         2
 Lesser Beckoning         Tloc           0%         N/A       99%         3
 Manifold Assault         Tloc           0%         N/A       100%        5


Dungeon Overview and Level Annotations

Branches:
Dungeon (3/15)

Altars:
Zin


Innate Abilities, Weirdness & Mutations

You have a pair of horns on your head.
You reflexively headbutt those who attack you in melee.
You have a beak for a mouth.
Armour fits poorly on your strangely shaped body.


Message History

You puncture the adder! You burn the adder. You headbutt the adder.
You kill the adder!
Your Throwing skill increases to level 2!
Unknown command.
You hit the orc. You burn the orc.
You kill the orc!
The dart slug briefly extends its eye-stalks.
You miss the goblin. The goblin closely misses you. You furiously retaliate!
You headbutt the goblin!
You kill the goblin!
The dart slug launches a dart at you. The slug dart misses you.
Unknown command.
Items here: ))) [ †††.
You hit the dart slug. You burn the dart slug.
The dart slug is severely wounded.
The dart slug closely misses you. You furiously retaliate!
You headbutt the dart slug!!
You kill the dart slug!
Things that are here:
a +0 club; a dart slug corpse
Items here: ))) [ †††.
i - 3 silver javelins
Items here: ))) [ †††.
Things that are here:
a +0 club; a dart slug corpse
r - a throwing net A white imp comes into view.
You see here a javelin.
The white imp gestures at you. The puff of frost hits you!
* * * LOW HITPOINT WARNING * * *
You are too injured to fight recklessly!
It was a potion of mutation.
You feel extremely strange.
Your body twists and deforms.
Your mouth lengthens and hardens into a beak!
It was a potion of magic.
Magic courses through your body. The white imp gestures at you.
The puff of frost hits you!
You die...

#.. # ### #..
.# ... ..#
#.# #5##.##..
#.#.#.# #...#
#
####...##.###
#..)).@..(..#
#.##..(##.#.#
#.###.## #.#
#.# #.# #.# #
#.# #..
#.##.###.###
#..........#
####.###.#..


You could see a white imp.

Vanquished Creatures
  An orc wizard (D:3)
  3 adders
  A worm (D:2)
  2 dart slugs
  2 orcs (D:3)
  4 ball pythons (D:2)
  3 bats
  A giant cockroach (D:2)
  2 goblins
  6 hobgoblins
  2 quokkas (D:2)
  3 frilled lizards (D:2)
  5 kobolds
  5 rats (D:2)
40 creatures vanquished.

Notes
Turn   | Place    | Note
-------+----------+-------------------------------------------
     0 | D:1      | Iusername the Minotaur Fighter began the quest for the Orb.
     0 | D:1      | Reached XP level 1. HP: 19/19 MP: 0/0
   445 | D:1      | Reached XP level 2. HP: 27/27 MP: 1/1
  1157 | D:2      | Reached skill level 1 in Throwing
  1157 | D:2      | Reached XP level 3. HP: 33/33 MP: 2/2
  1200 | D:2      | Found a faded altar of an unknown god.
  1260 | D:2      | Found a glowing silver altar of Zin.
  1675 | D:3      | Reached XP level 4. HP: 12/40 MP: 3/3
  1691 | D:3      | Gained mutation: Armour fits poorly on your strangely
                  | shaped body. [potion of mutation]
  1691 | D:3      | Gained mutation: You have a beak for a mouth. [potion of
                  | mutation]
  1692 | D:3      | Killed from afar by a white imp

Illustrated notes

Levels and vault maps discovered:
D:1:      co_arrival_random_square_maze, layout_basic
D:2:      layout_rooms, basic_altar, serial_rivers,
          chequers_serial_rivers_small_3, chequers_serial_rivers_micro_c,
          chequers_serial_rivers_marsh, chequers_serial_rivers_micro_d,
          chequers_serial_rivers_marsh, dreamdust_ecumenical_altar_grove,
          minmay_close_crescents
D:3:      layout_loops_ring, mainiacjoe_overflow_boulevard

Skill      XL: |  1  2  3  4 |
---------------+-------------+-----
Armour         | 4 |  4.6
Shields        | 4 |  4.1
Fighting       | 4 |  4.0
Throwing       | 1 2 |  2.2
Long Blades    | |  2.6
Dodging        | |  0.3

Action                   |  1- 3 |  4- 6 || total
-------------------------+-------+-------++-------
Melee: Long sword        |     4 |       ||     4
       Short sword       |    14 |     4 ||    18
       Headbutt          |     4 |     1 ||     5
Throw: Javelin           |    76 |       ||    76
       Throwing net      |     1 |       ||     1
  Use: Potion            |     1 |     2 ||     3
Armor: Scale mail        |    20 |       ||    20
Dodge: Dodged            |    17 |     3 ||    20
Block: Buckler           |     9 |       ||     9

Table legend: (Time is in decaauts)
 A = Elapsed time spent in this place.
 B = Non-inter-level travel time spent in this place.
 C = Inter-level travel time spent in this place.
 D = Time resting spent in this place.
 E = Time spent auto-exploring this place.
 F = Levels seen in this place.
 G = Mean time per level.
                   A        B        C        D        E       F      G
               +--------+--------+--------+--------+--------+-----+--------+
         Total |   1736 |   1708 |     28 |      0 |   1449 |   3 |  578.7 |
       Dungeon |   1736 |   1708 |     28 |      0 |   1449 |   3 |  578.7 |
               +--------+--------+--------+--------+--------+-----+--------+

Top non-repeatable levels by time:
     D:1: 1071 daAuts
     D:2: 604 daAuts
     D:3: 60 daAuts
